 Dungeon Crawl Stone Soup version 0.31-a0-176-g91f28db67f (webtiles) character file.

Game seed: 3307633843561869337

304 qw the Chopper (level 6, -15/38 HPs)
             Began as a Gargoyle Fighter on June 17, 2023.
             Demolished by an ogre
             ... wielding a +0 giant club
              (23 damage)
             ... on level 4 of the Dungeon.
             The game lasted 00:01:47 (3189 turns).

qw the Chopper (Gargoyle Fighter)                   Turns: 3189, Time: 00:01:47

Health: -15/38     AC: 13    Str: 20      XL:     6   Next: 38%
Magic:  6/6        EV:  7    Int:  7 (8)  God:
Gold:   170        SH:  4    Dex:  8 (9)  Spells: 5/5 levels left

rFire   . . .        Y - +1 war axe
rCold   . . .        c - +0 buckler
rNeg    + . .        h - +0 chain mail
rPois   inf          (no helmet)
rElec   +            (no cloak)
rCorr   .            (no gloves)
SInv    .            (no boots)
Will    +....        g - amulet of the acrobat Stlth
                     (no ring)
HPRegen 0.26/turn    (no ring)
MPRegen 0.10/turn

%: acrobat
@: about to teleport
A: sickness immunity, AC +4, negative energy resistance 1, electricity
resistance, torment resistance 1, petrification resistance, deterioration 1,
strong-willed 1, weak 1
a: no special abilities


You were on level 4 of the Dungeon.
You visited 1 branch of the dungeon, and saw 4 of its levels.

You collected 170 gold pieces.


Innate Abilities, Weirdness & Mutations

You are immune to sickness and miasma.
Your stone body is resilient. (AC +4)
You are immune to poison.
You resist negative energy. (rN+)
You are resistant to electric shocks. (rElec)
You are resistant to unholy torment.
You are immune to petrification.
Your body sometimes deteriorates upon taking damage.
You are strong-willed. (Will+)
You are weak. (Str -2)


   Skills:
 - Level 4.1 Fighting
 + Level 5.6 Axes
 - Level 3.2 Armour
 - Level 3.2 Shields


You had 5 spell levels left.
You didn't know any spells.
Your spell library was empty.

Inventory:

Hand Weapons
 i - a +0 morningstar
 Y - a +1 war axe (weapon)
Missiles
 j - 3 boomerangs (quivered)
Armour
 c - a +0 buckler (worn)
 h - a +0 chain mail (worn)
Jewellery
 g - an amulet of the acrobat (around neck)
Scrolls
 a - 3 scrolls of identify
 e - a scroll of teleportation
Potions
 b - 3 potions of heal wounds
 d - a potion of might
 f - a potion of enlightenment
 k - a potion of curing
 l - a potion of mutation

Dungeon Overview and Level Annotations

Branches:
Dungeon (4/15)
 Temple: D:4-7

Altars:
Elyvilon
Makhleb
Vehumet

Shops:
D:1 =

Annotations:
D:1 2 transporters


Message History

Enter note:
Enter note:
Enter note:
Enter note: You throw a boomerang.
The boomerang closely misses the ogre.
You throw a boomerang. The boomerang barely misses the hound.
You throw a boomerang. The boomerang hits the ogre.
The ogre is moderately wounded.
You hit the hound.
The hound is moderately wounded.
The hound barely misses you. The hound bites you but does no damage.
You hit the hound.
The hound is moderately wounded.
You barely miss the ogre. The hound bites you but does no damage.
The ogre hits you with a +0 giant club. The hound closely misses you.
You closely miss the hound.
The hound is moderately wounded.
You hit the ogre. The hound bites you. The ogre barely misses you.
The hound barely misses you.
You closely miss the hound.
The hound is moderately wounded.
You hit the ogre. The hound bites you but does no damage.
The ogre closely misses you. The hound bites you.
You hit the ogre.
The ogre is severely wounded.
You hit the hound. The hound bites you but does no damage.
The ogre hits you with a +0 giant club!!
Ouch! That really hurt!
Your body deteriorates!
You feel dopey. The hound bites you.
3189 ||| READING 2 scrolls of teleportation.
As you read the scroll of teleportation, it crumbles to dust.
You feel strangely unstable. The hound bites you but does no damage.
The ogre hits you with a +0 giant club!!
Ouch! That really hurt!
You die...

#...####..## #.##.# ..###
##..#########.##.## .##
##.#...#...#%##).## .##
#.............%..####### ..#
#.>.........#..........# #..###
#...).......#..........#
##...#####...........#..........#
..##....##..........##..........#
#...###.##.....#@...##..........#
..#.....#......Oh#..##...<......#
#................##.##..........#
..####..............##..........#
...).............##. ####..######
###.####.........# #.## # #.##
##........# #.#
###..####......... #.#
.###...#########.# ###


You could see an ogre and a hound.

Vanquished Creatures
  2 iguanas (D:4)
  3 orc wizards
  4 gnolls (D:3)
  5 adders
  A worm (D:3)
  A dart slug (D:1)
  5 orcs
  9 endoplasms
  4 giant cockroaches
  9 goblins
  12 hobgoblins
  2 quokkas
  6 ball pythons
  11 bats
  6 frilled lizards
  7 kobolds
  2 rats (D:2)
89 creatures vanquished.

Notes
Turn   | Place    | Note
-------+----------+-------------------------------------------
     0 | D:1      | qw the Gargoyle Fighter began the quest for the Orb.
     0 | D:1      | Reached XP level 1. HP: 14/14 MP: 1/1
     0 | D:1      | 0 ||| qw: Version: 0.3-a-5-g6f28e65
     0 | D:1      | 0 ||| qw: Game counter: 455
     0 | D:1      | 0 ||| qw: Always use a shield: true
     0 | D:1      | 0 ||| qw: God list: Okawaru
     0 | D:1      | 0 ||| qw: Allow faded altars: false
     0 | D:1      | 0 ||| qw: Do Orc after D:15 true
     0 | D:1      | 0 ||| qw: Do second Lair branch before Depths: true
     0 | D:1      | 0 ||| qw: Lair rune preference: random
     0 | D:1      | 0 ||| qw: Plans: Normal, Zot:1-4, Slime:5, God:TSO, Crypt,
                  | Tomb, Abyss, Pan, Hells, Win
     0 | D:1      | 0 ||| PLANNING D:1-11
   128 | D:1      | Reached skill level 2 in Axes
   138 | D:1      | 138 ||| Stepping ~*~*~tactically~*~*~ (stealth).
   139 | D:1      | 139 ||| Stepping ~*~*~tactically~*~*~ (stealth).
   141 | D:1      | 141 ||| Stepping ~*~*~tactically~*~*~ (stealth).
   152 | D:1      | 152 ||| Stepping ~*~*~tactically~*~*~ (stealth).
   153 | D:1      | 153 ||| Stepping ~*~*~tactically~*~*~ (stealth).
   229 | D:1      | Reached XP level 2. HP: 19/19 MP: 2/2
   230 | D:1      | 230 ||| Stepping ~*~*~tactically~*~*~ (hiding).
   337 | D:1      | 337 ||| DROPPING +0 club.
   367 | D:1      | Found a transporter.
   372 | D:1      | Found Oseughic's Jewellery Boutique.
   602 | D:1      | Found a transporter.
   671 | D:1      | 671 ||| DROPPING +0 whip.
   803 | D:1      | Reached skill level 3 in Axes
   958 | D:1      | 958 ||| UPGRADING to +0 chain mail.
   968 | D:1      | 968 ||| DROPPING +0 scale mail.
   969 | D:1      | 969 ||| DROPPING ring of flight.
   970 | D:1      | 970 ||| READING scroll labelled KELOTZ SIDOUGOVUN.
   971 | D:1      | 971 ||| DRINKING 2 lumpy red potions.
   972 | D:1      | 972 ||| DROPPING potion of degeneration.
  1052 | D:2      | Reached XP level 3. HP: 23/23 MP: 3/3
  1339 | D:2      | 1339 ||| Stepping ~*~*~tactically~*~*~ (stealth).
  1358 | D:2      | Reached XP level 4. HP: 28/28 MP: 4/4
  1436 | D:2      | 1436 ||| Stepping ~*~*~tactically~*~*~ (stealth).
  1727 | D:2      | 1727 ||| READING 3 scrolls labelled COOMME YNWICKO.
  1728 | D:2      | 1728 ||| READING 2 scrolls labelled UMERYXTIRGH.
  1733 | D:2      | 1733 ||| READING scroll labelled JEMEBB CAPNU.
  1734 | D:2      | 1734 ||| READING scroll labelled BUNNOOLETO.
  1735 | D:2      | 1735 ||| DRINKING 2 sapphire potions.
  1736 | D:2      | 1736 ||| DRINKING 2 viscous blue potions.
  1737 | D:2      | 1737 ||| DRINKING 2 bubbling red potions.
  1737 | D:2      | Gained mutation: You have sharp toenails. [potion of
                  | mutation]
  1737 | D:2      | Gained mutation: You are vulnerable to cold. (rC-) [potion
                  | of mutation]
  1737 | D:2      | Gained mutation: You have hidden genetic defects. [potion
                  | of mutation]
  1738 | D:2      | 1738 ||| DRINKING potion of mutation.
  1738 | D:2      | Lost mutation: You are vulnerable to cold. (rC-) [potion of
                  | mutation]
  1738 | D:2      | Lost mutation: You have sharp toenails. [potion of
                  | mutation]
  1738 | D:2      | Gained mutation: You are strong-willed. (Will+) [potion of
                  | mutation]
  1739 | D:2      | 1739 ||| READING 2 scrolls of identify.
  1739 | D:2      | 1739 ||| IDENTIFYING smoky black potion
  1740 | D:2      | 1740 ||| DROPPING potion of brilliance.
  1760 | D:3      | Reached skill level 4 in Axes
  1760 | D:3      | 1760 ||| STAIRDANCE
  1783 | D:2      | Gained mutation: Your body sometimes deteriorates upon
                  | taking damage. [hidden defects]
  1817 | D:3      | 1817 ||| STAIRDANCE
  1889 | D:3      | 1889 ||| Stepping ~*~*~tactically~*~*~ (stealth).
  1893 | D:3      | 1893 ||| Stepping ~*~*~tactically~*~*~ (stealth).
  1909 | D:3      | Gained mutation: You are weak. (Str -2) [hidden defects]
  1909 | D:3      | Lost mutation: You have hidden genetic defects. [hidden
                  | defects expressed]
  1978 | D:3      | Reached XP level 5. HP: 32/32 MP: 5/5
  2147 | D:3      | Found a white marble altar of Elyvilon.
  2165 | D:3      | Reached skill level 5 in Axes
  2250 | D:3      | 2250 ||| DROPPING +0 mace.
  2488 | D:3      | Found a burning altar of Makhleb.
  2596 | D:3      | Found a faded altar of an unknown god.
  2615 | D:3      | 2615 ||| UPGRADING to amulet of the acrobat.
  2620 | D:3      | 2620 ||| READING 5 scrolls of identify.
  2620 | D:3      | 2620 ||| IDENTIFYING fuming inky potion
  2621 | D:3      | 2621 ||| READING 4 scrolls of identify.
  2621 | D:3      | 2621 ||| IDENTIFYING green potion
  2622 | D:3      | 2622 ||| DROPPING potion of ambrosia.
  2663 | D:4      | Reached XP level 6. HP: 26/38 MP: 6/6
  2720 | D:4      | 2720 ||| DROPPING +0 flail.
  2723 | D:4      | Found a radiant altar of Vehumet.
  2780 | D:4      | 2780 ||| Stepping ~*~*~tactically~*~*~ (stealth).
  2826 | D:4      | 2826 ||| FLEEEEING.
  2827 | D:4      | 2827 ||| FLEEEEING.
  2828 | D:4      | 2828 ||| FLEEEEING.
  2829 | D:4      | 2829 ||| FLEEEEING.
  2830 | D:4      | 2830 ||| FLEEEEING.
  2831 | D:4      | 2831 ||| FLEEEEING.
  2832 | D:4      | 2832 ||| FLEEEEING.
  2834 | D:4      | 2834 ||| FLEEEEING.
  2835 | D:4      | 2835 ||| FLEEEEING.
  2836 | D:4      | 2836 ||| FLEEEEING.
  2837 | D:4      | 2837 ||| FLEEEEING.
  2838 | D:4      | 2838 ||| FLEEEEING.
  2839 | D:4      | 2839 ||| FLEEEEING.
  2840 | D:4      | 2840 ||| FLEEEEING.
  3000 | D:4      | 3000 ||| Stepping ~*~*~tactically~*~*~ (hiding).
  3004 | D:4      | 3004 ||| Stepping ~*~*~tactically~*~*~ (hiding).
  3012 | D:4      | 3012 ||| Stepping ~*~*~tactically~*~*~ (stealth).
  3062 | D:4      | 3062 ||| Stepping ~*~*~tactically~*~*~ (stealth).
  3188 | D:4      | HP: 8/38 [ogre/+0 giant club (22)]
  3189 | D:4      | 3189 ||| READING 2 scrolls of teleportation.
  3189 | D:4      | Demolished by an ogre

Levels and vault maps discovered:
D:1:      eino_arrival_water_star, layout_loops_ring, serial_shops,
          nicolae_shop_drivethru
D:2:      layout_rooms, minmay_hedge_maze, kennysheep_generic_room_5
D:3:      layout_loops_ring, mainiacjoe_overflow_brackets, elyvilon_altar_3,
          chequers_ecumenical_altar_lobes
D:4:      layout_rooms, vehumet_crystals

Skill      XL: |  1  2  3  4  5 |
---------------+----------------+-----
Axes           | 2 3 4 5 |  5.6
Fighting       | 4 |  4.1
Armour         | |  3.2
Shields        | |  3.2

Action                     |  1- 3 |  4- 6 || total
---------------------------+-------+-------++-------
  Melee: War axe           |   116 |   148 ||   264
  Throw: Boomerang         |       |    19 ||    19
    Use: Scroll            |     1 |     8 ||     9
         Potion            |     1 |     4 ||     5
 Armour: Scale mail        |    22 |       ||    22
         Chain mail        |    44 |    84 ||   128
  Dodge: Dodged            |    51 |    65 ||   116
  Block: Buckler           |    25 |    34 ||    59

Table legend:
 A = Non-vault XP
 B = Vault XP
 C = Vault XP percentage of total XP
 D = Non-vault monster count
 E = Vault monster count
 F = Vault count percentage of total count
                 A         B        C        D         E       F
            +---------+---------+-------+---------+---------+-------
      Total |     432 |       3 |   0.7 |      87 |       2 |   2.2
            +---------+---------+-------+---------+---------+-------
        D:1 |      33 |       0 |   0.0 |      20 |       0 |   0.0
        D:2 |     114 |       3 |   2.6 |      28 |       2 |   6.7
        D:3 |     118 |       0 |   0.0 |      23 |       0 |   0.0
        D:4 |     167 |       0 |   0.0 |      16 |       0 |   0.0
            +---------+---------+-------+---------+---------+-------
